 Dungeon Crawl Stone Soup version 0.26.1-11-gd32895ea62 (webtiles) character file.

Game seed: 10148785454653443380

1102 buriedalive the Nimble (level 8, -43/43 HPs)
             Began as a Deep Elf Ice Elementalist on June 18, 2021.
             Was an Initiate of Ashenzari.
             Killed by an exploding Grinder (50 damage)
             ... while paralysed by Grinder
             ... exploding inner flame
             ... on level 6 of the Dungeon.
             The game lasted 00:13:46 (10197 turns).

buriedalive the Nimble (Deep Elf Ice Elementalist) Turns: 10197, Time: 00:13:46

Health: -43/43     AC:  4    Str:  5    XL:     8   Next: 10%
Magic:  7/14       EV:  2    Int: 23    God:    Ashenzari [......]
Gold:   339        SH:  0    Dex: 21    Spells: 2/13 levels left

rFire    . . .     SeeInvis .   A - +2 hand axe (elec)
rCold    . . .     Faith    .   (no shield)
rNeg     . . .     Spirit   .   a - +0 robe
rPois    .         Reflect  .   f - +0 helmet
rElec    .         Harm     .   y - +0 cloak (curse)
rCorr    .         Rampage  .   (no gloves)
Will     .....                  (no boots)
Stlth    ++........             B - amulet of regeneration
HPRegen  0.54/turn              t - +6 ring of dexterity
MPRegen  0.14/turn              (no ring)

@: paralysed, attractive
A: no striking features
a: Renounce Religion, Curse Item


You were on level 6 of the Dungeon.
You worshipped Ashenzari.
Ashenzari was noncommittal.
You visited 2 branches of the dungeon, and saw 7 of its levels.

You collected 339 gold pieces.

Inventory:

Hand Weapons
 l - a +0 dagger
 u - a +2 dagger of speed
 v - a +1 short sword of protection
 A - a +2 hand axe of electrocution (weapon)
Missiles
 o - 182 stones
 s - 8 poisoned darts (quivered)
Armour
 a - a +0 robe (worn)
 f - a +0 helmet (worn)
 y - a cursed +0 cloak (worn)
Jewellery
 t - a +6 ring of dexterity (left hand)
 B - an amulet of regeneration (around neck)
Wands
 r - a wand of random effects (54)
Scrolls
 b - a scroll of amnesia
 c - 10 scrolls of identify
 d - 2 scrolls of fog
 e - a scroll of magic mapping
 g - 5 scrolls of remove curse
 j - a scroll of fear {unknown}
 k - a scroll of noise {unknown}
 n - 2 scrolls of blinking {unknown}
 q - 5 scrolls of teleportation {unknown}
 C - a scroll of enchant armour {unknown}
Potions
 h - a potion of resistance
 m - a potion of lignification
 w - a potion of invisibility
 z - a potion of haste {unknown}


   Skills:
 + Level 1.6 Fighting
 + Level 8.2 Dodging
 - Level 2.4 Stealth
 - Level 3.0 Spellcasting
 + Level 2.2 Summonings
 - Level 8.0 Ice Magic


You had 2 spell levels left.
You knew the following spells:

 Your Spells              Type           Power        Failure   Level
a - Freeze                Ice            100%         1%          1
b - Frozen Ramparts       Ice            80%          1%          3
c - Ozocubu's Armour      Ice            40%          1%          3
d - Summon Ice Beast      Ice/Summ       27%          14%         4

Your spell library contained the following spells:

 Spells                   Type           Power        Failure   Level
 Hailstorm                Conj/Ice       21%          22%         4


Dungeon Overview and Level Annotations

Branches:
Dungeon (6/15)             Temple (1/1) D:4

Altars:
Ashenzari
Cheibriados
Dithmenos
Elyvilon
Fedhas
Gozag
Hepliaklqana
Kikubaaqudgha
Makhleb
Nemelex Xobeh
Okawaru
Qazlal
Ru
Sif Muna
Trog
Vehumet
Wu Jian
Xom
Yredelemnul
Zin
The Shining One

Shops:
D:4 !:=**


Message History

* * * LOW HITPOINT WARNING * * *
It was a potion of attraction.
You feel attractive to monsters.
Grinder is engulfed in blazing flames.
Flame seeps out of Grinder.
Grinder completely resists.
The wall freezes Grinder but does no damage.
Grinder gestures at you.
You suddenly lose the ability to move!
Grinder resists.
The wall freezes Grinder.
Flame seeps out of Grinder.
Grinder gestures at you. Pain shoots through your body!
* * * LOW HITPOINT WARNING * * *
The frozen ramparts melt away.
Grinder is engulfed in blazing flames.
Flame seeps out of Grinder.
Grinder hits you but does no damage.
Grinder is engulfed in blazing flames.
Grinder explodes!
The fiery explosion engulfs you!!!
Your icy armour melts away.
Ouch! That really hurt!
You die...

.............,,,,,,*
......#######*****.#
......# *.# ......#
*5# ......# *.#
####### *.# # *.# #
#########§# #
#......@°.# #
#.######### # #.#
### #.# ..# #.#
..########.#
...........#
≈.########## ≈.#


There were no monsters in sight!

Vanquished Creatures
  Grinder (D:6)
  Duvessa (D:4)
  A sky beast (D:5)
  A centaur (D:5)
  2 bullfrogs (D:6)
  Dowan (D:4)
  A scorpion (D:6)
  A water moccasin skeleton (D:4)
  A howler monkey (D:5)
  2 jellies
  A quasit (D:5)
  A hound (D:5)
  A bullfrog skeleton (D:4)
  2 orc wizards
  Natasha (thrice) (D:4)
  A worker ant (D:6)
  A worker ant zombie (D:5)
  A howler monkey zombie (D:6)
  6 adders
  A shadow imp (D:6)
  An ufetubus (D:3)
  2 adder zombies
  3 worms
  A dart slug (D:2)
  3 leopard geckos
  13 orcs
  A ball python (D:3)
  3 giant cockroaches
  3 goblins
  5 hobgoblins
  11 jackals
  3 kobolds
  3 quokkas
  4 bats
  5 frilled lizards
  A quokka zombie (D:6)
  4 rats
  A spectral orc (D:4)
97 creatures vanquished.

Notes
Turn   | Place    | Note
-------+----------+-------------------------------------------
     0 | D:1      | buriedalive the Deep Elf Ice Elementalist began the quest
                  | for the Orb.
     0 | D:1      | Reached XP level 1. HP: 10/10 MP: 6/6
   994 | D:2      | Reached XP level 2. HP: 7/15 MP: 5/8
  1876 | D:2      | Reached skill level 5 in Ice Magic
  1876 | D:2      | Reached XP level 3. HP: 5/19 MP: 1/9
  3344 | D:3      | Found a shimmering altar of Xom.
  3533 | D:3      | Reached XP level 4. HP: 24/24 MP: 7/10
  3913 | D:3      | HP: 1/24 [poisoned by an adder]
  5017 | D:4      | Found Cunedupa's Distillery.
  5070 | D:4      | Found Jaluewk's Book Boutique.
  5079 | D:4      | Found Zefoih's Jewellery Boutique.
  5086 | D:4      | Found Enaij's Assorted Antiques.
  5093 | D:4      | Reached XP level 5. HP: 28/28 MP: 8/11
  5186 | D:4      | Found Gixiarej's Assorted Antiques.
  5206 | D:4      | Noticed Duvessa
  5214 | D:4      | Learned a level 3 spell: Frozen Ramparts
  5218 | D:4      | Learned a level 3 spell: Ozocubu's Armour
  5220 | D:4      | Noticed Dowan
  5231 | D:4      | Killed Duvessa
  5232 | D:4      | Reached skill level 5 in Dodging
  5232 | D:4      | Killed Dowan
  5233 | D:4      | Reached XP level 6. HP: 12/32 MP: 3/12
  6178 | D:4      | Noticed Natasha
  6186 | D:4      | Killed Natasha
  6350 | D:4      | Found a basalt altar of Yredelemnul.
  6376 | D:4      | Noticed Natasha
  6385 | D:4      | Killed Natasha
  6445 | D:4      | Found a staircase to the Ecumenical Temple.
  6460 | Temple   | Entered the Ecumenical Temple
  6560 | Temple   | Became a worshipper of Ashenzari the Shackled
  6666 | D:5      | Entered Level 5 of the Dungeon
  6718 | D:5      | Reached XP level 7. HP: 23/36 MP: 9/13
  8243 | D:4      | Noticed Natasha
  8257 | D:4      | Killed Natasha
  8780 | D:5      | Learned a level 4 spell: Summon Ice Beast
  9634 | D:6      | Reached skill level 1 in Fighting
  9634 | D:6      | Reached skill level 1 in Summonings
 10066 | D:6      | Reached XP level 8. HP: 41/43 MP: 14/14
 10176 | D:6      | Noticed Grinder
 10182 | D:6      | Paralysed by Grinder for 7 turns
 10194 | D:6      | Paralysed by Grinder for 7 turns
 10197 | D:6      | Killed Grinder
 10197 | D:6      | Killed by an exploding Grinder... exploding inner flame

Illustrated notes

Levels and vault maps discovered:
D:1:      scummos_arrival_star, layout_loops_corners
D:2:      layout_loops_corners, minmay_misc_feat_ornament,
          chequers_serial_rivers_micro_e, minmay_splitting_lines, minmay_puff
D:3:      layout_rooms, lemuel_coloured_pillars_altar
D:4:      layout_loops_cross, yredelemnul_forgotten_temple_becter,
          minmay_temple_entry_hall, serial_shops, nicolae_shop_trees,
          shop_fountains, kennysheep_mini_moat, shop_fountains,
          nicolae_shop_trees, uniq_natasha, uniq_duvessa
D:5:      layout_gridville
D:6:      layout_basic, chequers_serial_rivers_small_a, uniq_grinder
Temple:   regret_index_temple_chain_breaker

Skill      XL: |  1  2  3  4  5  6  7 |
---------------+----------------------+-----
Dodging        | 3 4 5 6 8 |  8.2
Ice Magic      | 5 6 7 8 |  8.0
Fighting       | 1 |  1.6
Summonings     | 2 |  2.2
Stealth        | |  2.4
Spellcasting   | |  3.0

Action                   |  1- 3 |  4- 6 |  7- 9 || total
-------------------------+-------+-------+-------++-------
Melee: Unarmed           |    23 |       |       ||    23
       Dagger            |    18 |    53 |   111 ||   182
       Hand axe          |       |       |    30 ||    30
Throw: Dart              |       |       |     2 ||     2
 Cast: Freeze            |    57 |    37 |     7 ||   101
       Frozen Ramparts   |       |     5 |    19 ||    24
       Ozocubu's Armour  |       |     1 |    10 ||    11
Evoke: Wand              |       |     3 |       ||     3
  Use: Potion            |       |     5 |     3 ||     8
       Scroll            |       |       |     4 ||     4
 Stab: Sleeping          |     4 |     4 |     4 ||    12
Armor: Robe              |     6 |     8 |    35 ||    49
Dodge: Dodged            |    62 |    70 |   149 ||   281
